Map: Golden Wall LE

Players

HeroMarine

  • Race: Terran Terran
  • Spawn Location: 5:00

Serral - Winner!

  • Race: Zerg Zerg
  • League: Master
  • Spawn Location: 7:00

Event: StayAtHomestory Cup #1

VOD

Have the link to the VOD?

Description

Time

  • Played on: April 11, 2020, 10:30 a.m.
  • Length: 12:55

All games in this series

Show
View Real Time Build Order
Export as new Build Order

HeroMarine Terran 

Build Orders: Reaper Expand 

Get SALT Encoding   

  12  0:00  SCV  
  13  0:12  SCV  
  14  0:17  Supply Depot  
  14  0:24  SCV  
  15  0:39  SCV  
  15  0:40  Barracks  
  16  0:43  Refinery  
  16  0:51  SCV  
  17  1:03  SCV  
  18  1:15  SCV  
  19  1:27  Orbital Command, Reaper  
  20  1:41  Command Center  
  20  1:49  Supply Depot  
  20  1:53  SCV  
  21  1:59  Marine  
  22  2:05  SCV  
  23  2:10  Factory  
  23  2:17  SCV  
  23  2:20  Marine  
  25  2:29  SCV  
  26  2:40  Barracks Reactor  
  26  2:41  SCV  
  27  2:52  Command Center  
  27  2:53  SCV  
  27  2:57  Orbital Command  
  28  3:05  SCV  
  29  3:17  SCV  
  30  3:22  Hellion  
  30  3:23  SCV, Hellion  
  35  3:27  Barracks Tech Lab  
  35  3:29  Refinery  
  35  3:30  SCV  
  36  3:35  SCV  
  37  3:42  SCV  
  37  3:44  Hellion x2  
  37  3:46  Marine, Stimpack  
  37  3:48  SCV  
  44  3:54  SCV, Engineering Bay  
  45  3:57  Engineering Bay  
  45  4:00  SCV  
  46  4:04  Marine  
  46  4:08  Orbital Command  
  46  4:09  SCV  
  48  4:12  SCV  
  48  4:13  Barracks  
  49  4:18  Barracks  
  49  4:19  Factory Reactor  
  49  4:22  SCV  
  51  4:24  SCV  
  51  4:28  Marine  
  51  4:29  Terran Infantry Weapons Level 1, Terran Infantry Armor Level 1  
  52  4:34  SCV  
  52  4:36  SCV  
  54  4:44  Supply Depot  
  54  4:45  Orbital Command  
  54  4:46  SCV, Marine, Refinery  
  54  4:47  Refinery  
  54  4:48  SCV  
  54  4:58  SCV  
  55  5:00  SCV  
  55  5:01  Starport  
  55  5:02  Factory Reactor  
  55  5:04  Marine  
  55  5:06  Marine x2  
  59  5:08  Supply Depot  
  59  5:09  Supply Depot  
  59  5:10  SCV  
  59  5:12  SCV  
  62  5:14  SCV  
  62  5:15  Marine x2  
  64  5:22  Marine, SCV  
  64  5:23  Supply Depot  
  64  5:24  Marine x2, SCV  
  64  5:26  Combat Shield  
  69  5:30  SCV  
  69  5:32  Supply Depot  
  69  5:33  Marine x2  
  69  5:34  SCV  
  73  5:36  SCV  
  73  5:39  Marine  
  73  5:42  Supply Depot  
  75  5:43  SCV  
  75  5:44  Factory Tech Lab  
  75  5:46  SCV, Medivac x2  
  81  5:50  SCV  
  81  5:55  Supply Depot  
  81  5:56  SCV  
  83  5:58  Marine  
  83  5:59  Marine x2  
  83  6:00  Marine, Barracks  
  83  6:01  Barracks  
  90  6:04  Siege Tank  
  90  6:09  Armory  
  90  6:12  SCV x2  
  90  6:14  SCV  
  93  6:19  Barracks  
  93  6:20  Marine x2, Barracks  
  93  6:21  Barracks  
  95  6:25  Marine x2  
  95  6:30  Medivac x2  
  95  6:31  Supply Depot  
  101  6:36  Marine, Supply Depot, Missile Turret, Siege Tank  
  101  6:38  Marine x2  
  101  6:43  Marine x2  
  103  6:51  Barracks Reactor x2  
  103  6:54  Marine  
  103  6:56  Marine x2  
  103  7:01  Marine x2  
  101  7:02  Supply Depot  
  101  7:03  Terran Infantry Weapons Level 2, Terran Infantry Armor Level 2  
  103  7:09  Barracks Reactor x2  
  103  7:11  Supply Depot  
  103  7:12  Marine, Supply Depot  
  103  7:14  Marine x2  
  103  7:15  Barracks Reactor  
  106  7:19  Marine x2  
  108  7:23  SCV x3  
  108  7:27  Supply Depot  
  108  7:29  Marine x4  
  115  7:30  Marine  
  115  7:31  Marine  
  115  7:32  Marine  
  115  7:37  Marine x2  
  118  7:39  Medivac, Siege Tank  
  118  7:42  Supply Depot  
  125  7:44  Medivac  
  125  7:45  Refinery  
  125  7:46  Marine  
  125  7:47  Marine x4  
  125  7:48  Marine x4  
  125  7:49  Marine x2  
  125  7:51  Marine x2  
  138  7:54  Marine x2  
  139  8:04  Marine x4  
  143  8:05  Marine  
  143  8:06  Marine x4  
  143  8:10  Marine x4  
  143  8:12  Marine x2  
  152  8:13  Siege Tank  
  152  8:17  Medivac x2  
  161  8:20  Supply Depot  
  161  8:22  Marine x4  
  161  8:23  Marine  
  161  8:24  Marine x4  
  170  8:28  Marine x2  
  172  8:38  Marine  
  173  8:41  Marine x8  
  173  8:48  Marine  
  181  8:49  Siege Tank  
  181  8:50  Marine  
  181  8:52  Marine  
  181  8:53  Marine x2  
  181  8:55  Marine  
  181  9:05  Supply Depot  
  181  9:06  Supply Depot  
  181  9:11  Command Center  
  181  9:16  Marine x2  
  181  9:17  Marine x2  
  180  9:18  Marine x2  
  180  9:19  Marine x9  
  180  9:22  Missile Turret  
  142  9:34  Marine x3  
  142  9:35  Marine  
  142  9:36  Marine x2  
  142  9:37  Marine x9  
  142  9:38  Missile Turret x2  
  142  9:51  Terran Infantry Weapons Level 3  
  142  9:52  Marine x3  
  141  9:53  Marine  
  141  9:54  Marine x4  
  141  9:56  Marine  
  141  9:59  Marine  
  148  10:01  Siege Tank  
  148  10:03  Medivac x2  
  148  10:04  Marine  
  148  10:05  Marine x4  
  153  10:10  Marine x3  
  153  10:11  Marine  
  153  10:12  Marine  
  158  10:14  Marine x4  
  158  10:17  Marine  
  158  10:20  Missile Turret  
  163  10:22  Marine x5  
  163  10:28  Marine x3  
  171  10:29  Marine  
  171  10:30  Marine  
  171  10:32  Marine x4  
  171  10:35  Marine  
  173  10:40  Marine x4  
  167  10:45  Marine  
  167  10:46  Marine x3  
  167  10:47  Marine  
  167  10:48  Marine  
  173  10:52  Marine x2  
  173  10:56  Marine x2  
  177  10:58  SCV x3  
  177  11:00  Medivac x2  
  177  11:02  Siege Tank  
  186  11:05  Marine x2  
  186  11:06  Marine  
  186  11:07  Marine  
  186  11:11  Marine x2  
  191  11:13  Marine  
  191  11:15  Marine x2  
  194  11:19  Marine  
  194  11:20  Marine  
  194  11:23  Marine  
  194  11:24  Marine x3  
  199  11:27  Missile Turret  
  199  11:28  Marine  
  200  11:34  Marine  
  185  11:42  Marine x2  
  185  11:43  Marine x7  
  185  11:44  Marine x3  
  185  11:46  Planetary Fortress  
  183  11:48  Marine  
  183  11:50  Marine  
  184  11:54  Medivac  
  184  11:58  Marine  
  184  12:00  Marine x3  
  192  12:01  Marine  
  193  12:09  Marine x7  
  195  12:16  Marine  
  195  12:17  Marine  
  195  12:18  Marine x4  
  195  12:20  Medivac  
  195  12:21  Marine  
  194  12:27  Marine x2  
Show
View Real Time Build Order
Export as new Build Order

Serral Zerg - Winner!

Build Orders: Hatch First, Muta Ling Bane 

Get SALT Encoding   

  12  0:00  Drone  
  13  0:12  Overlord  
  13  0:17  Drone  
  14  0:30  Drone x2  
  16  0:48  Hatchery  
  15  0:52  Drone  
  15  0:55  Drone  
  17  0:58  Drone  
  18  1:08  Extractor  
  17  1:14  Spawning Pool  
  17  1:17  Drone  
  17  1:21  Drone  
  18  1:28  Drone  
  19  1:38  Drone  
  20  1:49  Overlord  
  20  2:00  Queen x2  
  24  2:02  Zergling x4  
  26  2:11  Drone x2, Metabolic Boost  
  28  2:21  Drone  
  28  2:22  Drone  
  30  2:40  Hatchery, Drone  
  30  2:46  Queen  
  30  2:50  Drone  
  33  2:54  Overlord  
  33  2:56  Drone  
  34  2:59  Drone  
  34  3:01  Drone  
  36  3:13  Drone  
  36  3:14  Drone x3  
  36  3:15  Overlord  
  40  3:21  Drone  
  40  3:22  Drone  
  40  3:25  Queen  
  44  3:33  Overlord  
  44  3:34  Overlord  
  44  3:41  Zergling x2  
  44  3:43  Drone x3  
  48  3:48  Drone  
  48  3:52  Queen  
  48  3:54  Zergling x2  
  48  3:55  Drone  
  53  3:57  Drone  
  53  4:00  Queen, Overlord  
  53  4:02  Drone  
  57  4:03  Drone  
  58  4:12  Zergling x2  
  58  4:13  Drone x2  
  58  4:17  Overlord  
  61  4:18  Zergling x2  
  61  4:19  Drone x3  
  61  4:23  Extractor  
  64  4:24  Evolution Chamber  
  64  4:25  Evolution Chamber  
  64  4:29  Zergling x2  
  64  4:30  Drone x2  
  65  4:35  Drone x5  
  70  4:39  Overlord  
  70  4:49  Drone x5  
  70  4:51  Zerg Melee Weapons Level 1  
  75  4:53  Zerg Ground Armor Level 1  
  75  4:55  Drone  
  75  4:57  Queen  
  77  5:00  Zergling x4  
  77  5:01  Drone  
  77  5:05  Zergling x2  
  77  5:06  Zergling x4  
  77  5:07  Extractor  
  82  5:09  Queen  
  82  5:13  Lair  
  84  5:17  Zergling x6  
  87  5:21  Baneling Nest  
  87  5:23  Extractor, Drone  
  87  5:25  Zergling x6  
  90  5:28  Drone x3  
  90  5:33  Overlord  
  90  5:34  Drone x2  
  94  5:39  Drone  
  94  5:40  Drone x2  
  94  5:41  Overlord  
  97  5:43  Overlord  
  97  5:45  Overlord  
  97  5:49  Extractor  
  96  5:51  Drone x2  
  96  5:52  Extractor, Drone  
  97  5:58  Drone x3  
  97  6:01  Hatchery, Overlord  
  97  6:03  Zergling x2  
  100  6:07  Zergling x14  
  107  6:12  Overlord  
  107  6:13  Centrifical Hooks  
  107  6:16  Drone x2  
  109  6:19  Overseer  
  109  6:20  Pneumatized Carapace  
  109  6:21  Overlord  
  109  6:24  Baneling  
  109  6:25  Baneling x5  
  109  6:26  Drone x2  
  109  6:28  Drone  
  109  6:31  Drone  
  109  6:32  Drone  
  111  6:41  Drone x3  
  111  6:45  Zergling x14  
  121  6:48  Zerg Melee Weapons Level 2  
  121  6:49  Zerg Ground Armor Level 2  
  121  6:54  Overlord  
  121  6:55  Overlord  
  121  6:57  Zergling x2  
  120  7:02  Spire, Drone x3  
  120  7:05  Overlord  
  120  7:07  Overlord  
  122  7:14  Drone x2  
  124  7:16  Zergling x12  
  124  7:17  Baneling  
  124  7:18  Baneling x3  
  124  7:19  Overseer  
  124  7:20  Baneling  
  130  7:24  Drone  
  130  7:25  Drone  
  130  7:26  Baneling x3  
  130  7:28  Zergling x4  
  134  7:36  Zergling x8  
  137  7:39  Zergling x6  
  140  7:47  Hatchery  
  139  7:53  Extractor  
  139  7:54  Drone x3  
  139  7:56  Baneling x2  
  139  7:57  Zergling x16  
  146  8:00  Baneling x2  
  146  8:01  Overlord  
  144  8:12  Overlord  
  141  8:16  Mutalisk x8  
  141  8:18  Zerg Flyer Weapons Level 1  
  157  8:23  Mutalisk x2  
  157  8:25  Zergling x2, Hatchery  
  157  8:26  Zergling x10  
  166  8:29  Baneling x6  
  166  8:34  Zergling x12  
  172  8:43  Overlord  
  172  8:47  Baneling  
  170  8:51  Zergling x22  
  170  8:53  Baneling x3  
  176  8:58  Baneling x6  
  176  8:59  Baneling x4  
  176  9:00  Zergling x8  
  179  9:03  Baneling x4  
  179  9:06  Zergling x10  
  179  9:09  Zergling x2  
  181  9:12  Baneling x3  
  181  9:13  Baneling x5  
  178  9:18  Zergling x8  
  168  9:31  Zergling x16  
  154  9:36  Mutalisk x4  
  160  9:42  Mutalisk x2  
  160  9:44  Hatchery  
  162  9:50  Zergling x18  
  163  9:57  Baneling x9  
  163  9:58  Zergling x6  
  165  10:04  Zergling x16  
  170  10:13  Zergling x14  
  177  10:17  Baneling  
  177  10:18  Baneling x2  
  177  10:21  Zergling x14  
  184  10:24  Baneling x11  
  184  10:26  Hatchery  
  184  10:27  Zergling x10  
  178  10:36  Zergling x10  
  177  10:44  Mutalisk x6  
  189  10:50  Baneling x6  
  189  10:52  Hatchery  
  189  10:53  Zergling x8  
  189  10:54  Zergling x2  
  193  11:01  Zergling x14  
  200  11:10  Baneling x4  
  200  11:11  Baneling x11  
  199  11:17  Overlord  
  197  11:26  Baneling x11  
  197  11:35  Zergling x12  
  193  11:40  Zergling x2  
  193  11:41  Zergling x12  
  193  11:45  Zergling x14  
  196  11:51  Baneling x9  
  193  11:55  Drone x2  
  193  11:58  Zergling x8  
  193  12:00  Baneling x6  
  194  12:17  Zergling x16  
  194  12:22  Baneling x14  
  200  12:30  Baneling x3  
  200  12:31  Baneling x10  
Tags
 
Add a new tag
Caveats
  • Supply blocks, unpowered buildings, or Contaminate may cause inaccurate times.
  • Supply counts are checked every 10 seconds.